 Dungeon Crawl Stone Soup version 0.18-b1-22-ge198996 (webtiles) character file.

329 oplop the Sneak (level 6, -6/30 HPs)
             Began as a Vine Stalker Assassin on May 3, 2016.
             Shot with an arrow by a centaur (15 damage)
             ... on level 4 of the Dungeon.
             The game lasted 00:06:00 (2264 turns).

oplop the Sneak (Vine Stalker Assassin)             Turns: 2264, Time: 00:06:00

Health: -6/30      AC:  3    Str: 14    XL:     6   Next: 50%
Magic:  0/7        EV:  6    Int: 11    God:
Gold:   162        SH:  0    Dex: 17    Spells: 0 memorised, 5 levels left

rFire  . . .     SeeInvis .     p - +0 rod of shadows (7/12)
rCold  . . .     Gourm    .     c - +0 robe
rNeg   . . .     Faith    .     (no shield)
rPois  .         Spirit   +     (no helmet)
rElec  .         Dismiss  .     d - +0 cloak
rCorr  .         Reflect  .     (no gloves)
SustAt .         Harm     .     (no boots)
MR     .....                    (no amulet)
Stlth  ++++......               (no ring)
                                (no ring)

@: not resistant to hostile enchantments, stealthy
A: fangs 2, regeneration 2, magic shield, antimagic bite, no device heal 3, rot
immunity
a: no special abilities


You were on level 4 of the Dungeon.
You were not hungry.

You visited 1 branch of the dungeon, and saw 4 of its levels.

You collected 162 gold pieces.

Inventory:

Hand Weapons
 a - a +4 dagger
 b - a +0 blowgun
 t - a +2 dagger of draining
Missiles
 e - 19 poisoned needles
 f - 2 curare-tipped needles
 n - 3 needles of sleeping
 q - 6 javelins (quivered)
 r - a throwing net
Armour
 c - a +0 robe (worn)
 d - a +0 cloak (worn)
Rods
 p - a +0 rod of shadows (7/12) (in hand)
   (You found it on level 2 of the Dungeon)
Jewellery
 k - an uncursed ring of fire
Scrolls
 i - 4 scrolls of identify
Potions
 j - 2 potions of mutation {unknown}
 l - 2 potions of curing {unknown}
 s - a potion of cancellation {unknown}
Comestibles
 g - 2 bread rations
 h - a beef jerky
 u - 2 chunks of flesh
 v - 4 fruits


   Skills:
 - Level 1.7 Fighting
 + Level 3.9 Short Blades
 + Level 3.6 Throwing
 - Level 0.7 Dodging
 + Level 6.7 Stealth


You had 5 spell levels left.
You didn't know any spells.

Dungeon Overview and Level Annotations

Branches:
Dungeon (4/15)
 Temple: D:4-7

Altars:
Okawaru
Sif Muna
Xom


Innate Abilities, Weirdness & Mutations

You have extremely sharp teeth.
You heal very quickly.
When hurt, damage is shared between your health and your magic reserves.
Your bite disrupts and absorbs the magic of your enemies.
Potions and wands cannot restore your health.
You are immune to rotting.


Message History

Something misses your wight.
Found a stone staircase leading up.
Your wight dissolves into shadows!
You see here 6 gold pieces.
Your wight dissolves into shadows!
The centaur wields a shortbow.
The centaur shoots an arrow.
The arrow hits you!
* * * LOW HITPOINT WARNING * * *
You see here an arrow.
The iguana seems less drained.
The centaur shoots an arrow.
The arrow barely misses you.
A crimson imp comes into view.
You see here an arrow.
The crimson imp shouts!
The crimson imp blinks!
There is a stone staircase leading up here.
The centaur shoots an arrow.
The arrow hits you.
* * * LOW HITPOINT WARNING * * *
The centaur shoots an arrow.
The arrow hits you!
Ouch! That really hurt!
You die...

####.........
#####.c..c>...<...#
#Zc§§.............#
§§§§§##..........#
#######....Z.....# #
#.....l....# #..#
#.........## ##...
#..........# #...#
##..$.((.5@####...#
# #..........##...#
## #.......#...#...#
.###
#......###§.....#
...### ##.....#
#.....## ....)##
###...###......####
......#
#...##...###....####
......# #......###
####....#### .....##
#.....## ####...##


You could see a centaur, an iguana, a crimson imp and a hound skeleton.

Vanquished Creatures
  A centaur skeleton (D:4)
  An orc priest (D:3)
  Terence (D:2)
  3 orc wizards
  A worker ant (D:4)
  4 gnolls (D:3)
  2 adders
  2 oozes
  2 worms (D:3)
  3 dart slugs
  2 giant geckos
  8 orcs
  A giant cockroach (D:1)
  7 goblins
  8 hobgoblins
  A quokka (D:2)
  A ball python (D:1)
  5 bats
  2 giant newts
  A jackal skeleton (D:4)
  11 kobolds
  7 rats
74 creatures vanquished.

Notes
Turn   | Place    | Note
--------------------------------------------------------------
     0 | D:1      | oplop the Vine Stalker Assassin began the quest for the Orb.
     0 | D:1      | Reached XP level 1. HP: 11/11 MP: 2/2
    95 | D:1      | Reached XP level 2. HP: 11/15 MP: 3/3
   106 | D:1      | Reached skill level 5 in Stealth
   352 | D:1      | Reached XP level 3. HP: 16/18 MP: 2/4
   594 | D:2      | Found an iron altar of Okawaru.
   640 | D:2      | Noticed Terence
   647 | D:2      | Killed Terence
   647 | D:2      | Reached XP level 4. HP: 23/23 MP: 5/5
   684 | D:2      | Found a deep blue altar of Sif Muna.
   781 | D:2      | Found a shimmering altar of Xom.
  1592 | D:3      | Reached XP level 5. HP: 13/26 MP: 3/6
  1741 | D:3      | Reached skill level 6 in Stealth
  2077 | D:4      | Gained mutation: You heal very quickly. [Vine Stalker growth]
  2077 | D:4      | Reached XP level 6. HP: 29/30 MP: 7/7
  2244 | D:4      | Identified a +0 rod of shadows (12/12) (You found it on level 2 of the Dungeon)
  2264 | D:4      | Shot with an arrow by a centaur

Skill      XL: |  1  2  3  4  5 |
---------------+----------------+-----
Short Blades   | 2 3 |  3.9
Throwing       | 2 3 |  3.6
Stealth        | 5 6 |  6.7
Fighting       | |  1.7
Dodging        | |  0.7

Action                   |  1- 3 |  4- 6 || total
-------------------------+-------+-------++-------
Melee: Dagger            |    68 |   118 ||   186
       Bite              |    14 |    29 ||    43
 Fire: Blowgun           |       |    25 ||    25
Throw: Javelin           |       |     7 ||     7
Evoke: Rod               |       |     1 ||     1
  Use: Scroll            |       |     3 ||     3
 Stab: Sleeping          |    10 |    10 ||    20
  Eat: Chunk             |       |     3 ||     3
       Pizza             |       |     1 ||     1
Armor: Robe              |    13 |    23 ||    36
Dodge: Dodged            |    29 |    74 ||   103
